 Dungeon Crawl Stone Soup version 0.30.0-29-ga12c61a403 (webtiles) character file.

Game seed: 10995178777073319774

181 safid the Chiller (level 5, -1/61 HPs)
             Began as a Merfolk Ice Elementalist on June 21, 2023.
             Succumbed to a scorpion's poison
             ... on level 4 of the Dungeon.
             The game lasted 00:03:11 (2790 turns).

safid the Chiller (Merfolk Ice Elementalist)        Turns: 2790, Time: 00:03:11

Health: -1/61      AC:  2    Str:  9    XL:     5   Next: 61%
Magic:  5/9        EV: 12    Int: 16    God:
Gold:   92         SH:  0    Dex: 14    Spells: 3/10 levels left

rFire   . . .        h - +0 falchion
rCold   . . .        (no shield)
rNeg    . . .        a - +0 robe
rPois   .            (no helmet)
rElec   .            (no cloak)
rCorr   .            (no gloves)
SInv    .            (no boots)
Will    +....        s - amulet of regeneration Stlth
                     o - ring of willpower
HPRegen 1.10/turn    (no ring)
MPRegen 0.11/turn

%: no passive effects
@: berserking, lethally poisoned (-1 -> -5), invisible, very quick
A: (nimble swimmer 2), mertail
a: no special abilities


You were on level 4 of the Dungeon.
You visited 1 branch of the dungeon, and saw 4 of its levels.

You collected 92 gold pieces.

Inventory:

Hand Weapons
 h - a +0 falchion (weapon)
Armour
 a - a +0 robe (worn)
Jewellery
 o - a ring of willpower (left hand)
 s - an amulet of regeneration (around neck)
Wands
 r - a wand of acid (10)
Scrolls
 c - 3 scrolls of fear {unknown}
 d - 3 scrolls of vulnerability {unknown}
 e - 8 scrolls of identify {unknown}
 i - a scroll of torment {unknown}
 j - a scroll of teleportation {unknown}
 k - 3 scrolls of poison {unknown}
 n - a scroll of enchant armour {unknown}
Potions
 b - 4 potions of magic
 f - 2 potions of flight {unknown}
 g - a potion of resistance {unknown}
 l - a potion of berserk rage
 m - a potion of degeneration {unknown}
 p - a potion of invisibility
 q - a potion of heal wounds {unknown}


   Skills:
 + Level 3.1 Fighting
 - Level 2.6 Dodging
 - Level 2.1 Stealth
 + Level 3.3 Spellcasting
 + Level 5.5 Ice Magic


You had 3 spell levels left.
You knew the following spells:

 Your Spells              Type           Power      Damage    Failure   Level
a - Freeze                Ice            80%        1d9       1%          1
b - Frozen Ramparts       Ice            40%        1d7       5%          3
c - Ozocubu's Armour      Ice            20%        N/A       5%          3

Your spell library contained the following spells:

 Spells                   Type           Power      Damage    Failure   Level
 Slow                     Hex            8%         N/A       19%         1
 Poisonous Vapours        Pois/Air       4%         N/A       28%         2
 Confusing Touch          Hex            2%         N/A       50%         3
 Gell's Gravitas          Tloc           2%         N/A       50%         3
 Mephitic Cloud           Conj/Pois/Air  2%         N/A       50%         3
 Teleport Other           Tloc           2%         N/A       50%         3
 Vampiric Draining        Necr           2%         2d6       50%         3
 Summon Ice Beast         Ice/Summ       11%        N/A       50%         4
 Freezing Cloud           Conj/Ice/Air   4%         6-21      93%         5
 Conjure Ball Lightning   Conj/Air       1%         3x3d6     100%        6
 Dispersal                Tloc           1%         N/A       100%        6
 Discord                  Hex            1%         N/A       100%        8
 Disjunction              Tloc           1%         N/A       100%        8


Dungeon Overview and Level Annotations

Branches:
Dungeon (4/15)
 Temple: D:4-7

Altars:

Annotations:
D:2 1 runed translucent door, Crazy Yiuf


Innate Abilities, Weirdness & Mutations

((You are very nimble when in or above water. (Stealth+, EV+, Speed+++)))
Your lower body shifts to a powerful aquatic tail in water.


Message History

You hit the adder.
The adder is heavily wounded.
You feel sick.
The wall freezes the scorpion.
The scorpion stings you.
The wall freezes the adder.
The adder seems to slow down.
The adder bites you.
You are more poisoned.
The adder poisons you!
The wall freezes the hobgoblin.
You kill the hobgoblin!
The wall freezes the scorpion.
The scorpion closely misses you.
The wall freezes the adder.
The adder bites you.
* * * LOW HITPOINT WARNING * * *
You miss the adder.
The adder is almost dead.
You feel sick.
The wall freezes the scorpion but does no damage.
The scorpion stings you.
* * * LOW HITPOINT WARNING * * *
You are lethally poisoned!
The scorpion poisons you!
The wall freezes the adder.
You kill the adder!
The wall freezes the scorpion.
You kill the scorpion!
Your Fighting skill increases to level 3!
You have reached level 5!
You feel stronger.
It was a potion of invisibility.
You fade into invisibility!
* * * LOW HITPOINT WARNING * * *
You feel very sick.
It was a potion of berserk rage.
A red film seems to cover your vision as you go berserk!
You feel yourself moving faster!
You feel mighty!
* * * LOW HITPOINT WARNING * * *
You feel very sick.
You are too berserk!
Unknown command.
Unknown command.
Your icy armour cracks and falls away as you move.
The frozen ramparts melt away as you move.
You feel a strong urge to attack something.
You die...

#............# .......
#............# )......
#............# .......
#............# .......
#............# .......
#............#
.......###............#
......†#..............#
......).@.............#
........#.###########.#
#......##.# .# #..###.
#.# #. #. #.# # #. ...
#( ... #. ...


There were no monsters in sight!

Vanquished Creatures
  A scorpion (D:4)
  Jessica (D:2)
  5 adders
  3 orcs
  5 ball pythons
  3 bats
  4 endoplasms
  4 giant cockroaches
  4 goblins
  2 hobgoblins
  6 kobolds
  4 quokkas
  3 frilled lizards
  5 rats
50 creatures vanquished.

Notes
Turn   | Place    | Note
-------+----------+-------------------------------------------
     0 | D:1      | safid the Merfolk Ice Elementalist began the quest for the
                  | Orb.
     0 | D:1      | Reached XP level 1. HP: 13/13 MP: 3/3
   148 | D:1      | Found a faded altar of an unknown god.
   156 | D:1      | Reached XP level 2. HP: 20/20 MP: 0/5
   220 | D:1      | Reached skill level 1 in Fighting
   704 | D:2      | Reached XP level 3. HP: 26/26 MP: 0/6
   708 | D:2      | Learned a level 3 spell: Frozen Ramparts
  1174 | D:2      | Noticed Jessica
  1196 | D:2      | Killed Jessica
  1197 | D:2      | Reached skill level 5 in Ice Magic
  1197 | D:2      | Reached XP level 4. HP: 8/33 MP: 1/8
  1829 | D:2      | Found a runed translucent door.
  1830 | D:2      | Noticed Crazy Yiuf
  2015 | D:3      | Learned a level 3 spell: Ozocubu's Armour
  2772 | D:4      | Noticed a scorpion
  2787 | D:4      | Killed a scorpion
  2788 | D:4      | Reached XP level 5. HP: 5/41 MP: 5/9
  2788 | D:4      | HP: 1/41 [poisoned by a scorpion]
  2790 | D:4      | Succumbed to a scorpion's poison

Illustrated notes

Levels and vault maps discovered:
D:1:      scummos_arrival_star, layout_rooms, ebering_ecumenical_altar_mist
D:2:      layout_basic, kennysheep_jessica_study, uniq_crazy_yiuf_cottage
D:3:      layout_basic
D:4:      layout_basic, minmay_ruined_shrine, uniq_blork_the_orc

Skill      XL: |  1  2  3  4 |
---------------+-------------+-----
Fighting       | 1 2 3 |  3.1
Ice Magic      | 5 |  5.5
Spellcasting   | 3 |  3.3
Dodging        | |  2.6
Stealth        | |  2.1

Action                     |  1- 3 |  4- 6 || total
---------------------------+-------+-------++-------
  Melee: Unarmed           |     3 |       ||     3
         Falchion          |    19 |    50 ||    69
   Cast: Freeze            |    31 |    15 ||    46
         Frozen Ramparts   |     2 |     2 ||     4
         Ozocubu's Armour  |       |     1 ||     1
    Use: Potion            |       |     3 ||     3
   Stab: Sleeping          |       |     2 ||     2
 Armour: Robe              |    10 |    15 ||    25
  Dodge: Dodged            |    32 |    42 ||    74
